 Dungeon Crawl Stone Soup version 0.15.2 (webtiles) character file.

899 GhostOklob the Basher (level 7, -1/61 HPs)
             Began as a Deep Dwarf Berserker on Nov 7, 2015.
             Was a Priest of Trog.
             Slain by a rat (2 damage)
             ... on Level 3 of the Dungeon.
             The game lasted 00:07:22 (2403 turns).

GhostOklob the Basher (Deep Dwarf Berserker)        Turns: 2403, Time: 00:07:22

HP  -1/61        AC  0     Str 20      XL: 7   Next: 79%
MP   6/6         EV 12     Int  8      God: Trog [***...]
Gold 131         SH  0     Dex 14      Spells:  0 memorised,  6 levels left

rFire  . . .     SeeInvis .     y - +0 shortbow
rCold  . . .     Clarity  .     (no armour)
rNeg   . . .     rCorr    .     (no shield)
rPois  .         rRot     .     (no helmet)
rElec  .         Spirit   .     (no cloak)
SustAb .         Warding  .     (no gloves)
rMut   .         Stasis   .     (no boots)
Gourm  .                        (no amulet)
MR     +....                    (no ring)
                                (no ring)

@: non-regenerating, somewhat resistant to hostile enchantments, very unstealthy
A: damage resistance, recharge devices, sense surroundings 1, slow healing 3
a: Device Recharging, Burn Spellbooks, Berserk, Trog's Hand, Renounce Religion


You were on level 3 of the Dungeon.
You worshipped Trog.
Trog was most pleased with you.
You were very hungry.

You visited 1 branch of the dungeon, and saw 5 of its levels.

You collected 131 gold pieces.


Innate Abilities, Weirdness & Mutations

You are resistant to damage.
You can recharge devices by infusing magical energy.
You passively map a small area around you.
You do not heal naturally.


   Skills:
 - Level 2.6 Fighting
   Level 9.4 Maces & Flails
 + Level 0.0 Bows
 - Level 2.1 Armour
 - Level 2.1 Dodging


You had 6 spell levels left.
You didn't know any spells.

Inventory:

Hand weapons
 y - a +0 shortbow (weapon)
Magical devices
 c - a wand of heal wounds (2) {!d@v2}
Comestibles
 x - a bread ration
Scrolls
 h - a scroll of magic mapping {unknown}
 j - 4 scrolls of identify {unknown}
 k - a scroll of enchant armour {unknown}
 p - a scroll of enchant weapon {unknown}
 q - 2 scrolls of teleportation {unknown}
 r - 3 scrolls of random uselessness {unknown}
 s - 3 scrolls of noise {unknown}
 t - 2 scrolls of fog {unknown}
Jewellery
 o - an uncursed ring of magical power {unknown}
 v - an uncursed amulet of guardian spirit {unknown}
Potions
 d - a potion of brilliance {unknown}
 g - a potion of cure mutation {unknown}
 i - 2 potions of flight {unknown}
 l - 2 potions of heal wounds {unknown}
 m - 3 potions of berserk rage {unknown}
 n - a potion of might {unknown}
 w - a potion of degeneration {unknown}

Dungeon Overview and Level Annotations

Branches:
Dungeon (5/15)
 Temple: D:4-7

Altars:

Shops:
D:5

* ##..# *,* ###...###
##.####.# #....##
#....#.# #.#### ###
##......# #.#
##.####.......## #.#
##...##.........####.####
#[>..............<.)....#
##...##...r.....####.##.#
##.####...g...#* #.##.#
#.#####.....## #.##.#
#.<..###....# #....#
####.####.#.# ###..#
#.#....#.# #...#
#.#.####.# #..## ##
#.#......# #..# #.
#.#..##### #..# #. #.#..#
#..# #.


You could see a rat.


Message History

* * * LOW HITPOINT WARNING * * *
You swing at nothing.
The rat misses you.
You swing at nothing.
The rat closely misses you. The rat closely misses you.
You swing at nothing.
The rat bites you.
You swing at nothing.
The rat barely misses you. The rat barely misses you.
You swing at nothing.
The rat barely misses you.
You swing at nothing.
The rat bites you. The rat completely misses you.
You swing at nothing.
The rat bites you.
You swing at nothing.
The rat barely misses you. The rat bites you.
You swing at nothing.
The rat closely misses you.
You swing at nothing.
The rat bites you. The rat barely misses you.
You swing at nothing.
The rat closely misses you.
You swing at nothing.
The rat misses you. The rat misses you.
You swing at nothing.
The rat bites you.
You swing at nothing.
The rat barely misses you. The rat barely misses you.
You swing at nothing.
The rat closely misses you.
You swing at nothing.
The rat barely misses you. The rat bites you.
You swing at nothing.
The rat bites you.
You swing at nothing.
The rat barely misses you. The rat misses you.
You swing at nothing.
The rat bites you.
You swing at nothing.
The rat barely misses you. The rat barely misses you.
You swing at nothing.
The rat bites you.
You swing at nothing.
The rat barely misses you. The rat barely misses you.
You swing at nothing.
The rat barely misses you.
You swing at nothing.
The rat completely misses you. The rat barely misses you.
You swing at nothing.
The rat bites you.
You swing at nothing.
The rat closely misses you. The rat barely misses you.
You swing at nothing.
The rat closely misses you.
You swing at nothing.
The rat misses you. The rat bites you.
You die...

Action                   |  1- 3 |  4- 6 |  7- 9 || total
-------------------------+-------+-------+-------++-------
Melee: Mace              |    97 |   154 |    52 ||   303
Invok: Berserk           |     2 |     4 |     1 ||     7
       Trog's Hand       |       |     4 |     1 ||     5
 Abil: Device Recharging |       |     1 |       ||     1
Evoke: Wand              |     1 |     4 |     1 ||     6
 Stab: Sleeping          |     1 |       |       ||     1
  Eat: Bread ration      |       |     1 |     1 ||     2
       Chunk             |       |     1 |     1 ||     2
       Beef jerky        |       |     1 |       ||     1

Vault maps used:
D:1:      kilobyte_arrival_exit_the_forest
D:2:      uniq_iyjb
D:3:      grunt_decor_cap, uniq_sigmund
D:4:      uniq_blork_the_orc, uniq_natasha
D:5:      serial_shops, shop, first_bread

Notes
Turn   | Place    | Note
--------------------------------------------------------------
     0 | D:1      | GhostOklob, the Deep Dwarf Berserker, began the quest for the Orb.
     0 | D:1      | Reached XP level 1. HP: 20/20 MP: 1/1
   149 | D:2      | Reached XP level 2. HP: 13/27 MP: 2/2
   200 | D:2      | Noticed Ijyb
   223 | D:2      | Killed Ijyb
   223 | D:2      | Reached skill level 4 in Maces & Flails
   223 | D:2      | Reached XP level 3. HP: 31/33 MP: 3/3
   352 | D:3      | Acquired Trog's second power
   465 | D:4      | Noticed a scorpion
   472 | D:4      | Killed a scorpion
   472 | D:4      | Reached skill level 5 in Maces & Flails
   472 | D:4      | Reached XP level 4. HP: 40/40 MP: 4/4
   554 | D:4      | Noticed an ogre
   563 | D:4      | Killed an ogre
   563 | D:4      | Reached skill level 6 in Maces & Flails
   563 | D:4      | Reached XP level 5. HP: 25/46 MP: 5/5
   672 | D:4      | Noticed Natasha
   690 | D:4      | Killed Natasha
   713 | D:4      | Noticed Natasha
   723 | D:4      | Killed Natasha
   723 | D:4      | Reached XP level 6. HP: 35/55 MP: 6/6
   792 | D:4      | Reached skill level 7 in Maces & Flails
   838 | D:4      | Noticed Blork the orc
   864 | D:4      | Killed Blork the orc
   911 | D:4      | Noticed Natasha
   930 | D:4      | Killed Natasha
  1175 | D:3      | Noticed Sigmund
  1219 | D:3      | Killed Sigmund
  1219 | D:3      | Reached skill level 8 in Maces & Flails
  1349 | D:3      | Reached XP level 7. HP: 44/61 MP: 6/6
  1383 | D:3      | Noticed a two-headed ogre
  1447 | D:3      | Killed a two-headed ogre
  2087 | D:4      | Noticed a scorpion
  2095 | D:4      | Killed a scorpion
  2095 | D:4      | Reached skill level 9 in Maces & Flails
  2129 | D:5      | Entered Level 5 of the Dungeon
  2158 | D:5      | Found Xutist's General Store.
  2365 | D:3      | HP: 5/61 [rat (2)]
  2373 | D:3      | HP: 4/61 [rat (1)]
  2375 | D:3      | HP: 1/61 [rat (2)]
  2403 | D:3      | Slain by a rat

Vanquished Creatures
  A two-headed ogre (D:3)
  An ogre (D:4)
  A centaur (D:5)
  Sigmund (D:3)
  Blork the orc (D:4)
  2 scorpions (D:4)
  An orc wizard (D:4)
  A crimson imp (D:5)
  An iguana (D:4)
  Natasha (thrice) (D:4)
  2 worker ants (D:4)
  Ijyb (D:2)
  4 adders
  3 giant geckos
  8 orcs
  4 giant cockroaches
  7 goblins
  4 hobgoblins
  10 kobolds
  3 quokkas
  4 bats
  4 giant newts
  2 jackals (D:2)
  2 rats
71 creatures vanquished.
